 Dungeon Crawl Stone Soup version 0.23.2-11-gf996548c65 (webtiles) character file.

Game seed: 17356827652437593112

74 1994 the Grave Robber (level 4, -1/32 HPs)
             Began as a Vampire Necromancer on June 6, 2019.
             Slain by Crazy Yiuf
             ... wielding a +4 quarterstaff of chaos
              (11 damage)
             ... on level 2 of the Dungeon.
             The game lasted 00:07:07 (2558 turns).

1994 the Grave Robber (Vampire Necromancer)         Turns: 2558, Time: 00:07:08

Health: -1/32      AC:  3    Str:  8    XL:     4   Next: 10%
Magic:  1/7        EV: 13    Int: 17    God:
Gold:   197        SH:  0    Dex: 14    Spells: 2/7 levels left

rFire    . . .     SeeInvis +   i - +0 spear (venom)
rCold    + . .     Gourm    .   (no shield)
rNeg     + + .     Faith    .   a - +0 robe
rPois    +         Spirit   .   (no helmet)
rElec    .         Reflect  .   (no cloak)
rCorr    .         Harm     .   (no gloves)
MR       .....                  p - +0 pair of boots
Stlth    +++.......             (no amulet)
HPRegen  0.05/turn              (no ring)
MPRegen  0.10/turn              (no ring)

@: very slightly contaminated, regenerating slowly
A: fangs 3, see invisible, unbreathing
a: Bat Form


You were on level 2 of the Dungeon.
You were near bloodless.

You visited 1 branch of the dungeon, and saw 3 of its levels.

You collected 197 gold pieces.

Inventory:

Hand Weapons
 f - a +2 whip of freezing
 i - a +0 spear of venom (weapon)
 q - a +0 falchion
Missiles
 d - 101 stones (quivered)
 o - 11 sling bullets
Armour
 a - a +0 robe (worn)
 p - a +0 pair of boots (worn)
Jewellery
 k - a cursed -5 ring of strength {unknown}
 l - an uncursed ring of flight {unknown}
Scrolls
 g - a scroll of magic mapping {unknown}
 j - 3 scrolls of remove curse {unknown}
 m - 5 scrolls of teleportation {unknown}
 n - a scroll of blinking {unknown}
 r - a scroll of enchant weapon {unknown}
Potions
 b - a potion of mutation {unknown}
 c - 18 potions of blood
 e - a potion of might {unknown}
 h - a potion of agility {unknown}
 s - a potion of heal wounds {unknown}


   Skills:
 + Level 1.2 Fighting
 * Level 0.3 Long Blades
 + Level 2.6 Dodging
 + Level 3.6 Stealth
 + Level 2.4 Spellcasting
 * Level 5.1 Necromancy


You had 2 spell levels left.
You knew the following spells:

 Your Spells              Type           Power        Failure   Level  Hunger
a - Pain                  Necr           ###.         2%          1    #......
b - Animate Skeleton      Necr           N/A          2%          1    #......
c - Vampiric Draining     Necr           ###.......   7%          3    ###....

Your spell library contained the following spells:

 Spells                   Type           Power        Failure   Level  Hunger
 Regeneration             Chrm/Necr      ##........   19%         3    ###....
 Animate Dead             Necr           N/A          22%         4    #####..


Dungeon Overview and Level Annotations

Branches:
Dungeon (3/15)

Altars:
Ashenzari
Nemelex Xobeh
Vehumet

Annotations:
D:2 Crazy Yiuf


Innate Abilities, Weirdness & Mutations

You heal slowly.
You have razor-sharp teeth.
You have supernaturally acute eyesight. (SInv)
You can survive without breathing.


Message History

Confirm with . or Enter, or press ? or * to list all spells.
Aiming: Pain (safe; 2% risk of failure)
Press: ? - help, Shift-Dir - straight line, f/p - Crazy Yiuf
Aim: Crazy Yiuf, wielding a +4 quarterstaff of chaos and wearing a +2 cloak of magic resistance (severely wounded, chance to defeat MR: 54%) Crazy Yiuf resists with significant effort.
You hit Crazy Yiuf.
Crazy Yiuf is almost dead.
You feel yourself speed up.
You flicker back into view.
Crazy Yiuf says, "Crazy?
Crazy!?
PORCUPINE!"
Crazy Yiuf barely misses you.
Unknown command.
Unknown command.
Casting: Pain (safe; 2% risk of failure)
Confirm with . or Enter, or press ? or * to list all spells.
Aiming: Pain (safe; 2% risk of failure)
Press: ? - help, Shift-Dir - straight line, f/p - Crazy Yiuf
Aim: Crazy Yiuf, wielding a +4 quarterstaff of chaos and wearing a +2 cloak of magic resistance (almost dead, chance to defeat MR: 54%) Crazy Yiuf writhes in agony.
Crazy Yiuf hits you with a +4 quarterstaff of chaos!
You die...

#..........# #'#
#..######### ♣.♣♣
...# ♣♣.♣ ##.# ♣.♣♣
##.# ♣♣.♣ #.# ♣♣.♣♣
#.# ♣♣...♣ #.# ####
♣.)..♣ #>## ####..#
#@...#
##..###.....####g...#
........###........##
###)##### #####...##
.....# ##### .....#
.....# .)...# .....#


You could see Crazy Yiuf.

Vanquished Creatures
  A gnoll (D:1)
  An adder (D:3)
  2 dart slugs (D:1)
  2 leopard geckos (D:1)
  6 giant cockroaches
  6 goblins
  5 hobgoblins
  2 jackals (D:1)
  3 ball pythons
  7 bats
  5 frilled lizards
  4 kobolds
  4 rats
48 creatures vanquished.

Notes
Turn   | Place    | Note
-------+----------+-------------------------------------------
     0 | D:1      | 1994 the Vampire Necromancer began the quest for the Orb.
     0 | D:1      | Reached XP level 1. HP: 13/13 MP: 3/3
    29 | D:1      | Learned a level 1 spell: Animate Skeleton
   541 | D:1      | Reached XP level 2. HP: 17/19 MP: 1/5
   924 | D:1      | Reached XP level 3. HP: 18/25 MP: 2/6
  1401 | D:1      | Found a sparkling altar of Nemelex Xobeh.
  1475 | D:1      | Reached skill level 1 in Fighting
  1639 | D:1      | Learned a level 3 spell: Vampiric Draining
  1698 | D:2      | Reached skill level 5 in Necromancy
  1947 | D:2      | Found a runed translucent door.
  1948 | D:2      | Noticed Crazy Yiuf
  2135 | D:2      | Found a shattered altar of Ashenzari.
  2408 | D:3      | Reached XP level 4. HP: 27/32 MP: 1/7
  2465 | D:3      | Found a radiant altar of Vehumet.
  2558 | D:2      | Slain by Crazy Yiuf

Skill      XL: |  1  2  3 |
---------------+----------+-----
Fighting       | 1 |  1.2
Necromancy     | 5 |  5.1
Long Blades    | |  0.3
Dodging        | |  2.6
Stealth        | |  3.6
Spellcasting   | |  2.4

Action                   |  1- 3 |  4- 6 || total
-------------------------+-------+-------++-------
Melee: Unarmed           |     6 |       ||     6
       Bite              |     3 |     1 ||     4
       Spear             |    27 |     7 ||    34
Throw: Stone             |     1 |       ||     1
 Cast: Pain              |    60 |     4 ||    64
       Animate Skeleton  |     1 |       ||     1
  Use: Potion            |     2 |       ||     2
 Stab: Sleeping          |     3 |       ||     3
       Invisible         |       |     1 ||     1
Armor: Robe              |    10 |       ||    10
Dodge: Dodged            |    24 |     6 ||    30
